 Dungeon Crawl Stone Soup version 0.29.0-11-gd7f09526c8 (webtiles) character file.

Game seed: 15007768286053144297

301 Lochraine the Digger (level 6, -7/32 HPs)
             Began as a Gargoyle Earth Elementalist on Sept 4, 2022.
             Mangled by an iguana (8 damage)
             ... on level 4 of the Dungeon.
             The game lasted 00:09:20 (4179 turns).

Lochraine the Digger (Gargoyle Earth Elementalist)  Turns: 4179, Time: 00:09:21

Health: -7/32      AC: 10    Str: 14    XL:     6   Next: 37%
Magic:  8/12       EV: 11    Int: 15    God:
Gold:   199        SH:  5    Dex: 10    Spells: 7/13 levels left

rFire   + . .      SeeInvis .   q - +0 hammer (holy)
rCold   + + .      Faith    .   r - orb {light}
rNeg    + . .      Spirit   .   h - +1 robe
rPois   ∞          Reflect  +   (no helmet)
rElec   +          Harm     .   (no cloak)
rCorr   +          Rampage  .   g - +2 pair of gloves
Will    .....                   (no boots)
Stlth   +.........              E - amulet of reflection
HPRegen 0.10/turn               o - ring of protection from cold
MPRegen 0.13/turn               (no ring)

@: resistant, weak-willed, glowing
A: sickness immunity, AC +4, negative energy resistance 1, electricity
resistance, torment resistance 1, petrification resistance
a: no special abilities


You were on level 4 of the Dungeon.
You visited 1 branch of the dungeon, and saw 4 of its levels.

You collected 199 gold pieces.

Inventory:

Hand Weapons
 d - a +0 short sword
   (You took it off a kobold on level 1 of the Dungeon)
 f - a +0 club
   (You took it off a goblin on level 1 of the Dungeon)
 p - a +0 hammer
   (You found it on level 4 of the Dungeon)
 q - a +0 hammer of holy wrath (weapon)
   (You found it on level 4 of the Dungeon)
Armour
 a - a +0 robe
 g - a +2 pair of gloves (worn)
   (You found it on level 1 of the Dungeon)
 h - a +1 robe (worn)
   (You found it on level 2 of the Dungeon)
 k - a +0 ring mail
   (You found it on level 2 of the Dungeon)
 r - an orb of light (worn)
   (You found it on level 3 of the Dungeon)
 s - a +0 plate armour
   (You found it on level 4 of the Dungeon)
 t - a +0 robe
   (You found it on level 4 of the Dungeon)
 v - a +0 robe
   (You took it off Sigmund on level 3 of the Dungeon)
 w - an orb of mayhem
   (You found it on level 2 of the Dungeon)
 x - a +0 leather armour
   (You found it on level 2 of the Dungeon)
 A - a +0 ring mail
   (You found it on level 2 of the Dungeon)
 B - a +0 leather armour
   (You found it on level 3 of the Dungeon)
 C - a +0 plate armour
   (You found it on level 2 of the Dungeon)
Jewellery
 o - a ring of protection from cold (left hand)
   (You found it on level 3 of the Dungeon)
 D - a ring of ice
   (You found it on level 3 of the Dungeon)
 E - an amulet of reflection (around neck)
   (You found it on level 4 of the Dungeon)
Scrolls
 c - 5 scrolls of identify {@r1}
 e - 2 scrolls of noise {unknown}
 j - a scroll of silence {unknown}
 l - 2 scrolls of magic mapping {unknown}
 m - a scroll of teleportation {unknown}
 u - a scroll of vulnerability {!r}
 y - a scroll of enchant armour
Potions
 b - a potion of magic
 i - a potion of flight


   Skills:
 - Level 1.5 Dodging
 - Level 2.1 Stealth
 + Level 4.2 Spellcasting
 + Level 0.8 Conjurations
 - Level 1.4 Transmutations
 + Level 6.2 Earth Magic


You had 7 spell levels left.
You knew the following spells:

 Your Spells              Type           Power      Damage    Failure   Level
a - Sandblast             Erth           42%        2d11      1%          1
b - Stone Arrow           Conj/Erth      26%        3d8       13%         3
q - Passwall              Tmut/Erth      11%        N/A       5%          2

Your spell library contained the following spells:

 Spells                   Type           Power      Damage    Failure   Level
 Foxfire                  Conj/Fire      16%        2x1d4     16%         1
 Apportation              Tloc           6%         N/A       19%         1
 Necrotise                Necr           12%        1d4       19%         1
 Summon Small Mammal      Summ           12%        N/A       19%         1
 Petrify                  Tmut/Erth      14%        N/A       36%         4


Dungeon Overview and Level Annotations

Branches:
Dungeon (4/15) Zot: 19766
 Temple: D:4-7

Altars:
Ashenzari
Makhleb
Vehumet
Xom

Annotations:
D:4 1 runed translucent door, Crazy Yiuf


Innate Abilities, Weirdness & Mutations

You are immune to sickness and miasma.
Your stone body is resilient. (AC +4)
You are immune to poison.
You resist negative energy. (rN+)
You are resistant to electric shocks. (rElec)
You are resistant to unholy torment.
You are immune to petrification.


Message History

The hobgoblin completely misses you.
You hit the hobgoblin but do no damage. The hobgoblin closely misses you.
You hit the hobgoblin.
The hobgoblin hits you but does no damage.
The hobgoblin hits you.
You barely miss the hobgoblin. The hobgoblin barely misses you.
You barely miss the hobgoblin. The hobgoblin barely misses you.
You hit the hobgoblin.
You kill the hobgoblin!
The iguana barely misses you.
Aim: an iguana (haloed, 88% to hit)
The blast of sand misses the iguana.
The iguana bites you.
Aim: an iguana (haloed, 88% to hit)
The blast of sand misses the iguana.
The iguana barely misses you. The iguana bites you!
* * * LOW HITPOINT WARNING * * *
Aim: an iguana (haloed, 88% to hit)
The blast of sand misses the iguana.
The iguana barely misses you.
Okay, then.
Aim: an iguana (haloed, 88% to hit)
The blast of sand hits the iguana but does no damage.
The iguana bites you but does no damage.
The iguana bites you.
* * * LOW HITPOINT WARNING * * *
The iguana attacks as you move away! The iguana bites you.
* * * LOW HITPOINT WARNING * * *
It was a potion of curing.
You feel better. The iguana bites you!
* * * LOW HITPOINT WARNING * * *
As you read the scroll labelled BOQAJE NEQOMIM, it crumbles to dust.
It is a scroll of enchant armour.
Your +0 robe glows green for a moment.
The iguana closely misses you.
As you read the scroll labelled GISKAW ZUXUAQIX, it crumbles to dust.
Magic quickly surges around you.
It was a scroll of vulnerability.
The iguana bites you.
* * * LOW HITPOINT WARNING * * *
You feel better. The iguana bites you.
* * * LOW HITPOINT WARNING * * *
The iguana attacks as you move away! The iguana bites you!
* * * LOW HITPOINT WARNING * * *
Unknown command.
Unknown command.
It was a potion of resistance.
You feel protected. The iguana barely misses you.
Okay, then.
Unknown command.
The iguana attacks as you move away!
The iguana bites you but does no damage.
The iguana attacks as you move away! The iguana bites you!
You die...

###)..# ##....# ##+#.....#
#.....# ##.##### ##.#### #.#...#
#.##(?$ #.# ###'###.# ##.#....!
#.# ##.....#####..#..?ww###
##.### #.......#
#...#[..wg).####....#
#.......###.#)## ##......##....
'..._...'...#..#####wg......#>##.
#.......##.##.#.@lw...##.##.....
#.......##.##.###..S.###.# ##.##
##.....###)....####### #.# ...
.###'#########.# #.. ### .#
#.##.# #.# ### .# #....#
#.####### .# ####.### #.#.....#
.####.....# #.#.###.# ....#.....#
#...# #.#


You could see 2 worms, an iguana (weak-willed), a gnoll and an adder.

Vanquished Creatures
  Sigmund (D:3)
  A crimson imp (D:3)
  An iguana (D:4)
  2 adders (D:2)
  A dart slug (D:1)
  An orc (D:3)
  4 ball pythons
  4 bats
  6 endoplasms
  6 giant cockroaches
  4 goblins
  7 hobgoblins
  A jackal (D:4)
  8 kobolds
  3 quokkas
  3 frilled lizards (D:1)
  2 rats
55 creatures vanquished.

Notes
Turn   | Place    | Note
-------+----------+-------------------------------------------
     0 | D:1      | Lochraine the Gargoyle Earth Elementalist began the quest
                  | for the Orb.
     0 | D:1      | Reached XP level 1. HP: 10/10 MP: 3/3
    37 | D:1      | Found a faded altar of an unknown god.
   118 | D:1      | Reached skill level 1 in Transmutations
   435 | D:1      | Reached XP level 2. HP: 13/15 MP: 3/5
   666 | D:1      | Reached skill level 4 in Earth Magic
  1197 | D:1      | Reached XP level 3. HP: 17/19 MP: 2/6
  1626 | D:1      | Found a shimmering altar of Xom.
  1700 | D:2      | Learned a level 2 spell: Passwall
  1996 | D:2      | You fall into a shaft and drop 2 floors!
  2060 | D:4      | Found a runed translucent door.
  2061 | D:4      | Noticed Crazy Yiuf
  2249 | D:3      | Noticed Sigmund
  2294 | D:4      | Learned a level 3 spell: Stone Arrow
  2340 | D:4      | Reached XP level 4. HP: 8/24 MP: 1/8
  2666 | D:3      | Killed Sigmund
  2667 | D:3      | Reached skill level 6 in Earth Magic
  2667 | D:3      | Reached XP level 5. HP: 26/28 MP: 4/11
  2667 | D:3      | Reached XP level 6. HP: 30/32 MP: 4/12
  2867 | D:2      | Got A Tutorial on Theurgy
  3544 | D:3      | Found a shimmering altar of Xom.
  3544 | D:3      | Found a burning altar of Makhleb.
  4016 | D:4      | Found a broken altar of Ashenzari.
  4055 | D:4      | Found a radiant altar of Vehumet.
  4176 | D:4      | HP: 1/32 [iguana (8)]
  4179 | D:4      | Mangled by an iguana

Illustrated notes

Levels and vault maps discovered:
D:1:      dpeg_arrival_water_altar, layout_basic, serial_co_window_serial,
          co_window_paths_a, co_window_cross_1, co_window_paths_a,
          co_window_corner_a, co_window_corner_a, co_window_corner_a,
          co_window_of_opportunity_a, co_window_broadway_c,
          co_window_of_opportunity_b, co_window_2corner, co_window_corner_cb,
          shapermc_ecumenical_altar_totnotflames
D:2:      layout_basic
D:3:      layout_basic, grunt_temple_overflow_champion_of_chaos, uniq_sigmund
D:4:      layout_loops_cross, nicolae_ashenzari_panopticon,
          nicolae_vehumet_altar_sigil, minmay_joined_circles,
          uniq_crazy_yiuf_cottage

Skill      XL: |  1  2  3  4 |
---------------+-------------+-----
Transmutations | 1 |  1.4
Earth Magic    | 4 6 |  6.2
Spellcasting   | 3 4 |  4.2
Dodging        | |  1.5
Stealth        | |  2.1
Conjurations   | |  0.8

Action                   |  1- 3 |  4- 6 || total
-------------------------+-------+-------++-------
Melee: Short sword       |    17 |       ||    17
       Club              |     6 |       ||     6
       Mace              |     4 |    27 ||    31
 Cast: Sandblast         |    52 |    26 ||    78
  Use: Scroll            |       |     3 ||     3
       Potion            |       |     3 ||     3
Armor: Robe              |    18 |    24 ||    42
       Ring mail         |     8 |       ||     8
Dodge: Dodged            |    38 |    31 ||    69
Block: Orb               |       |     3 ||     3
